 Dungeon Crawl Stone Soup version 0.30-a0-652-gcc886f7154 (webtiles) character file.

Game seed: 4124014898130645876

99 Dirtsage the Changer (level 4, -1/28 HPs)
             Began as an Octopode Transmuter on Jan 17, 2023.
             Killed from afar by an orc wizard (3 damage)
             ... with a magic dart
             ... on level 3 of the Dungeon.
             The game lasted 00:03:59 (2308 turns).

Dirtsage the Changer (Octopode Transmuter)          Turns: 2308, Time: 00:03:59

Health: -1/28      AC:  5    Str:  9    XL:     4   Next: 72%
Magic:  6/7        EV: 13    Int: 17    God:
Gold:   142        SH:  0    Dex: 12    Spells: 0/7 levels left

rFire   . . .      SeeInvis .      - Unarmed
rCold   . . .      Faith    .    (no shield)
rNeg    . . .      Spirit   .    (helmet restricted)
rPois   .          Reflect  .    (no amulet)
rElec   .          Harm     .    n - +4 ring of protection
rCorr   .          Rampage  .    (no ring)
Will    .....                    (no ring)
Stlth   ++                       (no ring)
HPRegen 0.24/turn                (no ring)
MPRegen 0.10/turn                (no ring)
                                 (no ring)
                                 (no ring)

@: confused, on berserk cooldown, hasted and slowed
A: almost no armour, amphibious, 8 rings, camouflage 1, gelatinous body 1,
(nimble swimmer 1), tentacles
a: no special abilities


You were on level 3 of the Dungeon.
You visited 1 branch of the dungeon, and saw 3 of its levels.

You collected 142 gold pieces.

Inventory:

Jewellery
 n - a +4 ring of protection (left tentacle)
Scrolls
 d - 5 scrolls of identify {unknown}
 e - a scroll of noise {unknown}
 f - a scroll of enchant weapon {unknown}
 k - a scroll of immolation {unknown}
 l - a scroll of blinking {unknown}
 m - a scroll of teleportation {unknown}
Potions
 a - 2 potions of lignification
 b - a potion of degeneration {unknown}
 c - a potion of berserk rage
 g - 2 potions of might {unknown}
 h - 2 potions of haste
 i - 2 potions of brilliance {unknown}
 j - a potion of curing {unknown}


   Skills:
 - Level 1.0 Fighting
 - Level 2.0 Dodging
 - Level 3.0 Unarmed Combat
 - Level 2.0 Spellcasting
 * Level 3.6 Transmutations
 * Level 2.8 Ice Magic


You couldn't memorise any spells.
You knew the following spells:

 Your Spells              Type           Power      Damage    Failure   Level
a - Beastly Appendage     Tmut           28%        N/A       4%          1
b - Wereblood             Tmut           14%        N/A       7%          2
c - Ice Form              Ice/Tmut       12%        N/A       45%         4

Your spell library contained the following spells:

 Spells                   Type           Power      Damage    Failure   Level
 Spider Form              Tmut/Pois      7%         N/A       28%         3


Dungeon Overview and Level Annotations

Branches:
Dungeon (3/15)

Altars:


Innate Abilities, Weirdness & Mutations

You cannot wear most types of armour.
You are amphibious.
You can wear up to eight rings at the same time.
Your skin changes colour to match your surroundings (Stealth+).
Your rubbery body absorbs attacks. (AC +1, EV +1)
((You are camouflaged when in or above water. (Stealth+)))
You have tentacles for arms and can constrict up to eight enemies at once.


Message History

Your transformation is almost over.
You hear some strange, mumbled words.
You are confused.
You bump into the rock wall.
Your primal bloodlust is almost over.
Something hits you.
You barely miss something. Your squeeze misses something.
It was a potion of haste.
You feel yourself speed up. Something hits you.
You take 2 damage, and have 13/28 hp.
It was a potion of berserk rage.
A red film seems to cover your vision as you go berserk!
You feel yourself moving faster!
You feel mighty! Something hits you but does no damage.
You now have 20/42 hp.
You feel a strong urge to attack something.
You hear some strange, mumbled words.
You are more confused.
You bump into the rock wall.
You feel your anger nearly subside.
You howl as the wereblood boils in your veins!
You hear some strange, mumbled words.
You are more confused.
There is a stone staircase leading up here.
You are no longer berserk.
You are exhausted.
You feel yourself slow down.
In your confused state, you trip and fall back down the stairs.
Your primal bloodlust has ended.
You hear some strange, mumbled words.
A puff of flame appears from out of thin air!
The puff of flame hits you!
* * * LOW HITPOINT WARNING * * *
You now have 3/28 hp.
In your confused state, you trip and fall back down the stairs.
* * * LOW HITPOINT WARNING * * *
Your tentacle spike disappears.
You hear some strange, mumbled words.
A magic dart appears from out of thin air!
The magic dart hits you.
You die...

...b .## #...
.... ... #..#
#.. #..# #..
#..# #####..
#..#
.......###..#
.......)l{..#
..###.####@.#
# #..# #..#
#... #..##
.... #.## #.#


You could see a frilled lizard.

Vanquished Creatures
  2 adders (D:2)
  2 worms (D:2)
  3 dart slugs
  3 orcs (D:3)
  5 bats
  13 endoplasms
  5 giant cockroaches (D:1)
  4 goblins
  5 hobgoblins
  5 kobolds
  A quokka (D:1)
  3 ball pythons (D:1)
  2 frilled lizards
  8 rats
61 creatures vanquished.

Notes
Turn   | Place    | Note
-------+----------+-------------------------------------------
     0 | D:1      | Dirtsage the Octopode Transmuter began the quest for the
                  | Orb.
     0 | D:1      | Reached XP level 1. HP: 13/13 MP: 3/3
    99 | D:1      | Reached skill level 1 in Ice Magic
    99 | D:1      | Reached XP level 2. HP: 18/18 MP: 5/5
   112 | D:1      | Learned a level 2 spell: Wereblood
   249 | D:1      | You fall into a shaft and drop 1 floor!
   353 | D:2      | Reached XP level 3. HP: 23/23 MP: 4/6
   672 | D:2      | Reached XP level 4. HP: 18/28 MP: 4/7
   679 | D:2      | Learned a level 4 spell: Ice Form
  2308 | D:3      | Killed from afar by an orc wizard

Illustrated notes

Levels and vault maps discovered:
D:1:      dpeg_arrival_erosion, layout_basic, minmay_hedge_maze,
          chequers_mini_garden, minmay_pentomino_u4
D:2:      layout_basic, minmay_vboxes
D:3:      layout_loops_ring, nicolae_dithmenos_the_darkroom,
          hangedman_decor_opposing, grunt_ministairs_8, minmay_misc_feat_tower,
          uniq_grinder, uniq_robin

Skill      XL: |  1  2  3 |
---------------+----------+-----
Ice Magic      | 1 2 |  2.8
Transmutations | 3 |  3.6
Fighting       | |  1.0
Dodging        | |  2.0
Unarmed Combat | |  3.0
Spellcasting   | |  2.0

Action                   |  1- 3 |  4- 6 || total
-------------------------+-------+-------++-------
Melee: Unarmed           |    64 |    72 ||   136
       Constrict         |    16 |    13 ||    29
       Kick              |    19 |     8 ||    27
       Tentacles         |    10 |    17 ||    27
       Punch             |     1 |     1 ||     2
 Cast: Beastly Appendage |    10 |    13 ||    23
       Wereblood         |     2 |     2 ||     4
  Use: Potion            |       |     2 ||     2
 Stab: Sleeping          |     2 |     6 ||     8
       Distracted        |       |     1 ||     1
Armor: Skin              |     5 |     5 ||    10
Dodge: Dodged            |    51 |    30 ||    81

Table legend: (Time is in decaauts)
 A = Elapsed time spent in this place.
 B = Non-inter-level travel time spent in this place.
 C = Inter-level travel time spent in this place.
 D = Time resting spent in this place.
 E = Time spent auto-exploring this place.
 F = Levels seen in this place.
 G = Mean time per level.
                   A        B        C        D        E       F      G
               +--------+--------+--------+--------+--------+-----+--------+
         Total |   2298 |   2183 |    115 |      0 |   1752 |   3 |  766.0 |
       Dungeon |   2298 |   2183 |    115 |      0 |   1752 |   3 |  766.0 |
               +--------+--------+--------+--------+--------+-----+--------+

Top non-repeatable levels by time:
     D:2: 1198 daAuts
     D:1: 1071 daAuts
     D:3: 29 daAuts
